 Dungeon Sprint DCSS version 0.29-a0-653-gd47aff6735 (webtiles) character file.

Game seed: 17931479343900238558

143 purpskrrrp the Destroyer (level 5, -8/28 HPs)
             Began as a Deep Elf Conjurer on June 22, 2022.
             Was an Initiate of Vehumet.
             Killed from afar by an oklob sapling wizard (31 damage)
             ... with a splash of acid
             ... in the Dungeon (Sprint IV: "Fedhas' Mad Dash").
             The game lasted 00:09:40 (765 turns).

purpskrrrp the Destroyer (Deep Elf Conjurer)         Turns: 765, Time: 00:09:41

Health: -8/28      AC:  2    Str:  4    XL:     5   Next: 4%
Magic:  12/15      EV: 13    Int: 25    God:    Vehumet [......]
Gold:   39         SH:  0    Dex: 13    Spells: 14/15 levels left

rFire   . . .      SeeInvis .   (no weapon)
rCold   . . .      Faith    .   (no shield)
rNeg    . . .      Spirit   .   a - +0 robe
rPois   .          Reflect  .   (no helmet)
rElec   .          Harm     .   (no cloak)
rCorr   .          Rampage  .   (no gloves)
Will    .....      NoTele   +   (no boots)
Stlth   ++........              (no amulet)
HPRegen 0.09/turn               (no ring)
MPRegen 0.14/turn               (no ring)

@: no status effects
A: no striking features
a: Renounce Religion


You were in the Dungeon.
You worshipped Vehumet.
Vehumet was noncommittal.
You visited 1 branch You collected 39 gold pieces.

Inventory:

Armour
 a - a +0 robe (worn)
Jewellery
 c - the amulet of invisibility {+Inv}
   (You found it in the Dungeon)

   [amulet of nothing]

   +Inv:      It lets you turn invisible.
Scrolls
 h - 2 scrolls of identify {unknown}
Potions
 b - 2 potions of magic
 e - a potion of haste
 f - a potion of berserk rage


   Skills:
 + Level 4.1 Dodging
 + Level 4.1 Stealth
 + Level 5.5 Spellcasting
 + Level 10.4 Conjurations


You had 14 spell levels left.
You knew the following spells:

 Your Spells              Type           Power      Damage    Failure   Level
a - Magic Dart            Conj           100%       1d8       1%          1

Your spell library contained the following spells:

 Spells                   Type           Power      Damage    Failure   Level
 Searing Ray              Conj           100%       2d8       1%          2
 Dazzling Flash           Conj/Hex       66%        N/A       2%          3
 Fulminant Prism          Conj/Hex       16%        3d11      9%          4
 Iskenderun's Mystic Bla  Conj/Tloc      33%        2d8       9%          4


Dungeon Overview and Level Annotations

Branches:
Dungeon (1/1)

Altars:
Cheibriados
Dithmenos
Elyvilon
Gozag
Hepliaklqana
Kikubaaqudgha
Makhleb
Nemelex Xobeh
Okawaru
Qazlal
Ru
Sif Muna
Trog
Uskayaw
Vehumet
Wu Jian
Xom
Yredelemnul
Zin
The Shining One
Beogh
Jiyva
Lugonu

Annotations:
D exclusion: oklob sapling


Message History

You kneel at the altar of Lugonu.
There is a white marble altar of Elyvilon here.
You kneel at the altar of Elyvilon.
There is a shadowy altar of Dithmenos here.
There is a viscous altar of Jiyva here.
You kneel at the altar of Jiyva.
There is a bloodstained altar of Trog here.
There is a basalt altar of Yredelemnul here.
You kneel at the altar of Yredelemnul.
Unknown command.
Press < or > to pray at altars.
There is a basalt altar of Yredelemnul here.
There is a glowing silver altar of Zin here.
There is a glowing golden altar of the Shining One here.
You kneel at the altar of the Shining One.
There is a radiant altar of Vehumet here.
You kneel at the altar of Vehumet.
Vehumet welcomes you!
You open the door.
An oklob sapling wizard comes into view.
Marking area around an oklob sapling wizard as unsafe for travelling.
Found 10 gold pieces and 6 stones.
Aiming: Magic Dart (safe; 1% risk of failure)
Press: ? - help, Q - select action Shift-Dir - straight line, f - oklob sapling wizard
Aim: an oklob sapling wizard (dormant, 100% to hit)
The magic dart hits the oklob sapling wizard but does no damage.
The oklob sapling wizard stares at you and mumbles some strange words.
The magic dart hits you.
Aiming: Magic Dart (safe; 1% risk of failure)
Press: ? - help, Q - select action Shift-Dir - straight line, f/p - oklob sapling wizard
Aim: an oklob sapling wizard (100% to hit)
The magic dart hits the oklob sapling wizard but does no damage.
Aiming: Magic Dart (safe; 1% risk of failure)
Press: ? - help, Q - select action Shift-Dir - straight line, f/p - oklob sapling wizard
Aim: an oklob sapling wizard (100% to hit)
The magic dart hits the oklob sapling wizard but does no damage.
The oklob sapling wizard spits acid at you.
The splash of acid hits you!!
Ouch! That really hurt!
You die...

################## ##
...#.⌠._._._._.⌠.#.$+
.(.'.._._._._._.@'.P#
...#..._._._._...#..#
#+##.._._._._._..# (#
#._._._._._.⌠.# #
###############


You could see an oklob sapling wizard.

Vanquished Creatures
  A scorpion (D)
  2 oklob saplings (D)
  A river rat (D)
  A rat (D)
5 creatures vanquished.

Notes
Turn   | Place    | Note
-------+----------+-------------------------------------------
     0 | D        | purpskrrrp the Deep Elf Conjurer began the quest for the
                  | Orb.
     0 | D        | Reached XP level 1. HP: 10/10 MP: 6/6
     8 | D        | Reached skill level 6 in Conjurations
     8 | D        | Reached XP level 2. HP: 15/15 MP: 2/8
    16 | D        | Noticed an oklob sapling
   239 | D        | Killed an oklob sapling
   240 | D        | Reached skill level 7 in Conjurations
   240 | D        | Reached XP level 3. HP: 19/19 MP: 2/10
   304 | D        | Noticed a scorpion
   304 | D        | Found the amulet of invisibility {+Inv}
   319 | D        | Killed a scorpion
   320 | D        | Reached skill level 9 in Conjurations
   320 | D        | Reached XP level 4. HP: 13/24 MP: 1/12
   518 | D        | Found an opulent altar of Gozag.
   518 | D        | Found a hazy altar of Hepliaklqana.
   518 | D        | Found a burning altar of Makhleb.
   518 | D        | Found a sparkling altar of Nemelex Xobeh.
   518 | D        | Found a snail-covered altar of Cheibriados.
   518 | D        | Found a sacrificial altar of Ru.
   518 | D        | Found a shimmering blue altar of Sif Muna.
   518 | D        | Found a shimmering altar of Xom.
   518 | D        | Found a basalt altar of Yredelemnul.
   519 | D        | Found a viscous altar of Jiyva.
   519 | D        | Found a bloodstained altar of Trog.
   519 | D        | Found an ornate altar of the Wu Jian Council.
   520 | D        | Found an iron altar of Okawaru.
   520 | D        | Found a glowing silver altar of Zin.
   520 | D        | Found a shadowy altar of Dithmenos.
   521 | D        | Found a hide-covered altar of Uskayaw.
   521 | D        | Found an ancient bone altar of Kikubaaqudgha.
   704 | D        | Reached skill level 5 in Spellcasting
   704 | D        | Reached skill level 10 in Conjurations
   704 | D        | Reached XP level 5. HP: 28/28 MP: 6/15
   706 | D        | Found a stormy altar of Qazlal.
   706 | D        | Found a white marble altar of Elyvilon.
   706 | D        | Found a glowing golden altar of the Shining One.
   707 | D        | Found a corrupted altar of Lugonu.
   707 | D        | Found a radiant altar of Vehumet.
   757 | D        | Became a worshipper of Vehumet
   765 | D        | Killed from afar by an oklob sapling wizard

Illustrated notes

Levels and vault maps discovered:
D:        dungeon_sprint_fedhas [sprint_temple]

Skill      XL: |  1  2  3  4 |
---------------+-------------+-----
Conjurations   | 6 7 9 10 | 10.4
Dodging        | 3 4 |  4.1
Stealth        | 3 4 |  4.1
Spellcasting   | 4 5 |  5.5

Action                   |  1- 3 |  4- 6 || total
-------------------------+-------+-------++-------
 Cast: Magic Dart        |    29 |     9 ||    38
  Use: Potion            |     3 |       ||     3
       Scroll            |     1 |       ||     1
Armor: Robe              |     2 |       ||     2
Dodge: Dodged            |     2 |       ||     2

Table legend: (Time is in decaauts)
 A = Elapsed time spent in this place.
 B = Non-inter-level travel time spent in this place.
 C = Inter-level travel time spent in this place.
 D = Time resting spent in this place.
 E = Time spent auto-exploring this place.
 F = Levels seen in this place.
 G = Mean time per level.
                   A        B        C        D        E       F      G
               +--------+--------+--------+--------+--------+-----+--------+
         Total |    765 |    748 |     17 |    614 |      0 |   1 |  765.0 |
       Dungeon |    765 |    748 |     17 |    614 |      0 |   1 |  765.0 |
               +--------+--------+--------+--------+--------+-----+--------+

Top non-repeatable levels by time:
       D: 765 daAuts
